 Dungeon Crawl Stone Soup version 0.25.0-9-g26727b657a (webtiles) character file.

Game seed: 3682813895294143073

42 HoaS the Twirler (level 3, -3/23 HPs)
             Began as a Gargoyle Gladiator on June 19, 2020.
             Slain by a gnoll
             ... wielding a +0 halberd
              (10 damage)
             ... on level 1 of the Dungeon.
             The game lasted 00:02:24 (895 turns).

HoaS the Twirler (Gargoyle Gladiator)                Turns: 895, Time: 00:02:25

Health: -3/23      AC:  9    Str: 18    XL:     3   Next: 56%
Magic:  3/3        EV: 11    Int:  8    God:
Gold:   45         SH:  0    Dex: 11    Spells: 2/2 levels left

rFire    . . .     SeeInvis .   a - +2 quarterstaff
rCold    . . .     Gourm    .   (shield currently unavailable)
rNeg     + . .     Faith    .   i - +0 ring mail
rPois    ∞         Spirit   .   c - +0 helmet
rElec    +         Reflect  .   (no cloak)
rCorr    .         Harm     .   (no gloves)
MR       .....                  (no boots)
Stlth    +.........             (no amulet)
HPRegen  0.07/turn              (no ring)
MPRegen  0.08/turn              (no ring)

@: no status effects
A: negative energy resistance 1, electricity resistance, unbreathing,
petrification resistance, rot immunity, AC +3
a: no special abilities


You were on level 1 of the Dungeon.
You were not hungry.

You visited 1 branch of the dungeon, and saw 2 of its levels.

You collected 45 gold pieces.

Inventory:

Hand Weapons
 a - a +2 quarterstaff (weapon)
Missiles
 d - 3 throwing nets (quivered)
 e - 13 poisoned darts
Armour
 c - a +0 helmet (worn)
 i - a +0 ring mail (worn)
Scrolls
 j - a scroll of identify
Potions
 b - a potion of invisibility
 k - a potion of haste {unknown}
 l - a potion of stabbing {unknown}
 o - a potion of mutation {unknown}
Comestibles
 f - 4 rations
 h - 3 chunks of flesh


   Skills:
 + Level 3.0 Fighting
 * Level 4.0 Staves
 - Level 1.7 Throwing
 - Level 2.4 Dodging


You had 2 spell levels left.
You didn't know any spells.
Your spell library was empty.

Dungeon Overview and Level Annotations

Branches:
Dungeon (2/15)

Altars:


Innate Abilities, Weirdness & Mutations

You are resistant to torment.
Your stone body is resilient. (AC +3)
You are immune to poison.
You resist negative energy. (rN+)
You are resistant to electric shocks. (rElec)
You can survive without breathing.
You are immune to petrification.
You are immune to rotting.


Message History

The gnoll misses you.
You climb upwards.
There is a stone staircase leading down here.
You hit the gnoll but do no damage. The gnoll hits you with a +0 halberd.
You closely miss the gnoll. The gnoll closely misses you.
You hit the gnoll.
The gnoll is lightly wounded.
The gnoll hits you but does no damage.
You barely miss the gnoll.
The gnoll is lightly wounded.
The gnoll hits you with a +0 halberd!
You thump the gnoll!
The gnoll is severely wounded.
You barely miss the gnoll.
The gnoll is severely wounded.
The gnoll barely misses you.
You closely miss the gnoll.
The gnoll is severely wounded.
The gnoll hits you with a +0 halberd!
You die...

# #..##.##.##.# #
#..##..#.##.# #
##'####.#.##.# #
#....##....#.# #
#....###...#.# #
#....# #...#.#
#########...#.#
#♣.♣.♣#.##..g#.#
#.♣♣..#....@.#.#
#♣.♣.♣#..###.#.#
♣♣.♣♣#..###.#.#
#'###......#.#
##..##......#.#
#...........#.#####
###......##.#.....#
####..###.#####.#####
#..# #.# #.#...#


You could see a gnoll.

Vanquished Creatures
  A gnoll (D:2)
  An adder (D:2)
  A dart slug (D:1)
  A leopard gecko (D:1)
  A bat (D:1)
  A giant cockroach (D:1)
  3 goblins
  2 hobgoblins (D:1)
  2 jackals (D:2)
  A quokka (D:2)
  A frilled lizard (D:1)
  5 rats
20 creatures vanquished.

Notes
Turn   | Place    | Note
-------+----------+-------------------------------------------
     0 | D:1      | HoaS the Gargoyle Gladiator began the quest for the Orb.
     0 | D:1      | Reached XP level 1. HP: 12/12 MP: 1/1
   352 | D:1      | Reached XP level 2. HP: 18/18 MP: 2/2
   832 | D:2      | Reached XP level 3. HP: 17/22 MP: 3/3
   878 | D:2      | Reached skill level 4 in Staves
   895 | D:1      | Slain by a gnoll

Illustrated notes

Levels and vault maps discovered:
D:1:      lemuel_arrival_hallway, layout_basic, chequers_arboretum,
          minmay_pentomino_v4
D:2:      layout_loops_cross, uniq_crazy_yiuf_cottage, uniq_sigmund

Skill      XL: |  1  2  3 |
---------------+----------+-----
Fighting       | 3 |  3.0
Staves         | 4 |  4.0
Throwing       | |  1.7
Dodging        | |  2.4

Action                   || total
-------------------------++-------
Melee: Quarterstaff      ||    68
  Use: Scroll            ||     7
Armor: Ring mail         ||    18
       Leather armour    ||     1
Dodge: Dodged            ||    47
